 Dungeon Crawl Stone Soup version 0.23.2-1-ga50397a6bc (webtiles) character file.

Game seed: 3060128280422209106

249 Hanswurst the Chopper (level 6, 0/52 HPs)
             Began as a Hill Orc Warper on May 18, 2019.
             Splashed by a jelly's acid (7 damage)
             ... on level 4 of the Dungeon.
             The game lasted 00:28:05 (4972 turns).

Hanswurst the Chopper (Hill Orc Warper)             Turns: 4972, Time: 00:28:06

Health: 0/52       AC:  1    Str: 16    XL:     6   Next: 12%
Magic:  8/8        EV:  5    Int: 13    God:
Gold:   158        SH:  0    Dex: 10    Spells: 8/8 levels left

rFire    . . .     SeeInvis .   a - +0 hand axe
rCold    . . .     Gourm    .   (no shield)
rNeg     . . .     Faith    .   v - +0 plate armour
rPois    .         Spirit   .   (no helmet)
rElec    .         Reflect  .   k - +1 cloak
rCorr    .         Harm     .   (no gloves)
MR       .....                  (no boots)
Stlth    ..........             (no amulet)
HPRegen  0.17/turn              (no ring)
MPRegen  0.11/turn              (no ring)

@: corroded
A: no striking features
a: no special abilities


You were on level 4 of the Dungeon.
You were hungry.

You visited 1 branch of the dungeon, and saw 5 of its levels.

You collected 158 gold pieces.

Inventory:

Hand Weapons
 a - a +0 hand axe (weapon)
 b - a +0 halberd
 m - a +0 spear
 y - a +1 antimagic dagger
Missiles
 e - 5 tomahawks of dispersal (quivered)
 o - 5 tomahawks
Armour
 k - a +1 cloak (worn)
 s - a +3 leather armour of fire resistance
 v - a +0 plate armour (worn)
 B - a +0 scale mail
 D - a +0 leather armour of poison resistance
Scrolls
 c - 3 scrolls of identify
 d - a scroll of blinking
 h - a scroll of immolation {unknown}
 i - 4 scrolls of teleportation
 j - 2 scrolls of noise {unknown}
 l - 4 scrolls of amnesia
 n - 3 scrolls of enchant armour {unknown}
 p - 2 scrolls of fog {unknown}
 t - 3 scrolls of remove curse {unknown}
 x - 3 scrolls of fear {unknown}
 z - a scroll of enchant weapon {unknown}
Potions
 g - a potion of degeneration {unknown}
 q - a potion of flight {unknown}
 r - 2 potions of might {unknown}
 u - 2 potions of curing {unknown}
 w - 3 potions of brilliance
 C - a potion of heal wounds {unknown}
Comestibles
 f - 7 rations


   Skills:
 + Level 4.0 Fighting
 + Level 5.8 Axes
 + Level 1.0 Throwing
 + Level 2.9 Armour
 + Level 2.1 Dodging
 + Level 0.3 Stealth
 + Level 1.7 Spellcasting
   Level 2.4 Translocations


You had 8 spell levels left.
You didn't know any spells.
Your spell library contained the following spells:

 Spells                   Type           Power        Failure   Level  Hunger
 Apportation              Tloc           #.....       99%         1    ##.....
 Animate Skeleton         Necr           N/A          100%        1    ##.....
 Confusing Touch          Hex            #.....       100%        1    ##.....
 Summon Small Mammal      Summ           #...         100%        1    ##.....
 Blink                    Tloc           N/A          100%        2    ###....
 Shroud of Golubria       Chrm/Tloc      #.........   100%        2    ###....
 Gell's Gravitas          Tloc           #.........   100%        3    ####...
 Lesser Beckoning         Tloc           #.........   100%        3    ####...
 Teleport Other           Tloc           #.......     100%        3    ####...
 Passage of Golubria      Tloc           N/A          100%        4    #####..


Dungeon Overview and Level Annotations

Branches:
Dungeon (5/15)
 Temple: D:4-7

Altars:
Ashenzari
Nemelex Xobeh
Ru
Sif Muna
Vehumet

Annotations:
D:4 Menkaure


Message History

The jelly hits you but does no damage.
You hit the jelly but do no damage.
Your hands burn!
The jelly is lightly wounded.
The jelly hits you but does no damage.
You hit the jelly but do no damage.
Your hands burn!
The jelly is lightly wounded.
The jelly hits you but does no damage.
You hit the jelly.
Your hands burn!
The jelly is moderately wounded.
The jelly hits you but does no damage.
You hit the jelly but do no damage.
Your hands burn!
The jelly is moderately wounded.
The jelly hits you.
* * * LOW HITPOINT WARNING * * *
You are splashed with acid!
* * * LOW HITPOINT WARNING * * *
The jelly hits you.
* * * LOW HITPOINT WARNING * * *
The acid corrodes you!
You are splashed with acid!
You die...

..........# ..........#
..........# ..........###
## ..........'.# # .#
..........#.# #.#####.#
..........#.#
.##.......#.#########.###.#
..........#.!...@J....# #.#
#######.############### #.#
................# #.#
#######.#######.#########.#
#...................#
#.###.#.#<#########.# ###
####### ###


You could see a jelly.

Vanquished Creatures
  A hound (D:4)
  3 adders
  9 gnolls
  2 worms
  A dart slug (D:1)
  2 leopard geckos (D:3)
  7 orcs
  4 giant cockroaches
  15 goblins
  10 hobgoblins
  7 jackals
  10 bats
  5 frilled lizards
  3 kobolds
  10 rats
89 creatures vanquished.

Notes
Turn   | Place    | Note
-------+----------+-------------------------------------------
     0 | D:1      | Hanswurst the Hill Orc Warper began the quest for the Orb.
     0 | D:1      | Reached XP level 1. HP: 18/18 MP: 3/3
   231 | D:1      | Reached XP level 2. HP: 16/25 MP: 4/4
   353 | D:1      | Reached skill level 3 in Axes
   610 | D:1      | Reached skill level 1 in Throwing
   648 | D:1      | Found a shattered altar of Ashenzari.
   753 | D:1      | Reached XP level 3. HP: 31/31 MP: 5/5
  1406 | D:3      | Found a sacrificial altar of Ru.
  1462 | D:3      | Reached XP level 4. HP: 27/38 MP: 6/6
  2002 | D:1      | Reached skill level 4 in Axes
  2489 | D:5      | Entered Level 5 of the Dungeon
  2491 | D:5      | Reached XP level 5. HP: 15/45 MP: 7/7
  2838 | D:4      | Reached skill level 5 in Axes
  3002 | D:3      | Found a sparkling altar of Nemelex Xobeh.
  3002 | D:3      | Found a deep blue altar of Sif Muna.
  4627 | D:4      | Reached XP level 6. HP: 32/52 MP: 8/8
  4749 | D:4      | Found a radiant altar of Vehumet.
  4801 | D:4      | Noticed Menkaure
  4972 | D:4      | Splashed by a jelly's acid

Skill      XL: |  1  2  3  4  5 |
---------------+----------------+-----
Axes           | 3 4 5 |  5.8
Fighting       | 3 4 |  4.0
Throwing       | 1 |  1.0
Dodging        | 2 |  2.1
Armour         | 2 |  2.9
Stealth        | |  0.3
Spellcasting   | |  1.7
Translocations | |  2.4

Action                   |  1- 3 |  4- 6 || total
-------------------------+-------+-------++-------
Melee: Hand axe          |   159 |   292 ||   451
  Use: Scroll            |       |     3 ||     3
  Eat: Chunk             |     2 |    11 ||    13
Armor: Leather armour    |     5 |    59 ||    64
       Ring mail         |    79 |       ||    79
       Plate armour      |       |   124 ||   124
Dodge: Dodged            |   115 |   167 ||   282
